 Dungeon Crawl Stone Soup version 0.30-a0-1112-gfb780f5df6 (webtiles) character file.

Game seed: 6816719554691237019

273 hwolsky the Chopper (level 6, -1/55 HPs)
             Began as a Minotaur Fighter on Apr 19, 2023.
             Slain by a steam dragon (7 damage)
             ... on level 7 of the Dungeon.
             The game lasted 00:07:45 (3171 turns).

hwolsky the Chopper (Minotaur Fighter)              Turns: 3171, Time: 00:07:45

Health: -1/55      AC:  7    Str: 21      XL:     6   Next: 2%
Magic:  5/5        EV: 14    Int:  5      God:
Gold:   147        SH:  5    Dex:  8 (9)  Spells: 5/5 levels left

rFire   . . .      SeeInvis .    a - +1 war axe
rCold   . . .      Faith    .    c - +1 buckler
rNeg    . . .      Spirit   .    b - +0 scale mail
rPois   .          Reflect  .    (helmet unavailable)
rElec   .          Rampage  .    (no cloak)
rCorr   .                        (no gloves)
Will    .....                    (no boots) Stlth
                                 (no amulet)
HPRegen 0.29/turn                j - +5 ring of evasion
MPRegen 0.09/turn                (no ring)

@: no status effects
A: horns 3, retaliatory headbutt, deterioration 1, sense surroundings 1, weak 1
a: no special abilities


You were on level 7 of the Dungeon.
You visited 1 branch of the dungeon, and saw 5 of its levels.

You collected 147 gold pieces.

Inventory:

Hand Weapons
 a - a +1 war axe (weapon)
Missiles
 m - 5 boomerangs (quivered)
Armour
 b - a +0 scale mail (worn)
 c - a +1 buckler (worn)
Jewellery
 i - an amulet of magic regeneration
 j - a +5 ring of evasion (left hand)
Potions
 d - 2 potions of might
 e - 3 potions of haste
 f - a potion of resistance
 g - 2 potions of ambrosia
 h - a potion of degeneration
 k - a potion of curing
 l - 3 potions of heal wounds
 n - a potion of brilliance {unknown}


   Skills:
 + Level 4.9 Fighting
 * Level 5.1 Axes
 + Level 4.8 Armour
 + Level 4.9 Shields


You had 5 spell levels left.
You didn't know any spells.
Your spell library contained the following spells:

 Spells                   Type           Power      Damage    Failure   Level
 Apportation              Tloc           0%         N/A       87%         1
 Magic Dart               Conj           0%         1d3       87%         1
 Necrotise                Necr           0%         1d4       87%         1
 Summon Small Mammal      Summ           0%         N/A       87%         1
 Hailstorm                Conj/Ice       0%         3d3       99%         3
 Ignite Poison            Fire/Tmut/Pois 0%         N/A       99%         3
 Ice Form                 Ice/Tmut       0%         N/A       100%        4
 Sticky Flame             Conj/Fire      0%         2d3       100%        4
 Simulacrum               Ice/Necr       0%         N/A       100%        6
 Ignition                 Fire           0%         3d3       100%        8


Dungeon Overview and Level Annotations

Branches:
Dungeon (4/15)
 Temple: D:4-7

Altars:
Kikubaaqudgha
Sif Muna
Vehumet


Innate Abilities, Weirdness & Mutations

You have a pair of large horns on your head.
You reflexively headbutt those who attack you in melee.
Your body sometimes deteriorates upon taking damage.
You passively map a small area around you.
You are weak. (Str -2)


Message History

The steam dragon completely misses you. You furiously retaliate!
You headbutt the steam dragon. The steam dragon barely misses you.
You closely miss the steam dragon.
The howler monkey howls!
Your headbutt misses the steam dragon.
The steam dragon is heavily wounded.
You barely miss the howler monkey. You slash the orc!
You kill the orc!
The steam dragon bites you.
The steam dragon claws you but does no damage.
The howler monkey hits you but does no damage.
The howler monkey hoots and howls with incredible vigour! x2
The steam dragon bites you. You block the steam dragon's attack.
The howler monkey barely misses you.
An orc comes into view. It is wielding a +0 flail.
You hear a shout!
Something shouts, "Fly, thou infectious half-faced bull-brain!"
You hear an angry buzzing noise.
You barely miss the steam dragon.
The steam dragon is heavily wounded.
You slash the howler monkey!
The howler monkey hoots and howls with incredible vigour!
The steam dragon breathes steam at you. The ball of steam hits you!!
* * * LOW HITPOINT WARNING * * *
You hear an angry buzzing noise. x2
You hit the steam dragon but do no damage.
Your headbutt misses the steam dragon.
The steam dragon is heavily wounded.
You hit the howler monkey.
You are engulfed in a cloud of scalding steam.
The steam dragon barely misses you. The steam dragon claws you.
* * * LOW HITPOINT WARNING * * *
An orc priest comes into view. It is wielding a +0 morningstar.
You hit the steam dragon. Your headbutt misses the steam dragon.
The steam dragon is severely wounded.
You barely miss the howler monkey. You hit the howler monkey.
You are engulfed in a cloud of scalding steam.
The steam dragon bites you!
You die...

### ##.## * #...#### *
##....#.# * ,
#.......##### ,.#. ,,
## ###.#####...§.#.....
#8##...##8##...@.......
#...#.⌠.#...#.hDh#....#
,, ,
#_........._###.h......
, #...##.##...#
#.......# ##8##...##8##
#o......# ###8...8###
,#......## ##._.## ,,
#......# ##### ,
.o...... , , ,


You could see a steam dragon (catching breath), 3 howler monkeys, an orc priest
and an orc.

Vanquished Creatures
  A hound (D:4)
  Jessica (D:3)
  An orc wizard (D:4)
  7 gnolls (D:4)
  2 adders
  An ufetubus (D:4)
  2 worms
  3 dart slugs
  11 orcs
  7 endoplasms
  2 giant cockroaches
  5 goblins
  4 hobgoblins
  3 jackals (D:1)
  4 kobolds
  4 quokkas
  8 ball pythons
  8 bats
  A frilled lizard (D:2)
  9 rats
84 creatures vanquished.

Notes
Turn   | Place    | Note
-------+----------+-------------------------------------------
     0 | D:1      | hwolsky the Minotaur Fighter began the quest for the Orb.
     0 | D:1      | Reached XP level 1. HP: 19/19 MP: 0/0
   442 | D:1      | Reached XP level 2. HP: 27/27 MP: 1/1
   507 | D:1      | Reached skill level 3 in Axes
   852 | D:1      | Reached XP level 3. HP: 33/33 MP: 2/2
  2105 | D:3      | Noticed Jessica
  2115 | D:3      | Reached XP level 4. HP: 26/40 MP: 3/3
  2118 | D:3      | Killed Jessica
  2119 | D:3      | Reached skill level 4 in Axes
  2614 | D:4      | Reached XP level 5. HP: 32/47 MP: 4/4
  2681 | D:4      | Gained mutation: You have a pair of large horns on your
                  | head. [potion of mutation]
  2681 | D:4      | Gained mutation: Your body sometimes deteriorates upon
                  | taking damage. [potion of mutation]
  2681 | D:4      | Gained mutation: You are weak. (Str -2) [potion of
                  | mutation]
  2681 | D:4      | Gained mutation: You passively map a small area around you.
                  | [potion of mutation]
  2941 | D:4      | Reached skill level 5 in Axes
  2953 | D:4      | Reached XP level 6. HP: 55/55 MP: 5/5
  3129 | D:4      | You fall into a shaft and drop 3 floors!
  3131 | D:7      | Found an ancient bone altar of Kikubaaqudgha.
  3135 | D:7      | Found a shimmering blue altar of Sif Muna.
  3137 | D:7      | Found a radiant altar of Vehumet.
  3143 | D:7      | Got Vehumet's Grimoire of Momentum
  3161 | D:7      | Noticed a steam dragon
  3171 | D:7      | Slain by a steam dragon

Illustrated notes

Levels and vault maps discovered:
D:1:      dpeg_arrival_circle_labyrinth_c, layout_basic
D:2:      layout_basic
D:3:      layout_loops_cross, minmay_unequal, uniq_jessica
D:4:      layout_layer_cave, mainiacjoe_overflow_alcove_3,
          minmay_misc_feat_secret_circle
D:7:      layout_cave_pools, grunt_temple_overflow_magic_moments,
          kennysheep_mini, roderic_serpentine_path

Skill      XL: |  1  2  3  4  5 |
---------------+----------------+-----
Axes           | 3 4 5 |  5.1
Shields        | 4 |  4.9
Fighting       | 4 |  4.9
Armour         | 4 |  4.8

Action                     |  1- 3 |  4- 6 || total
---------------------------+-------+-------++-------
  Melee: War axe           |    77 |    72 ||   149
         Headbutt          |     7 |     3 ||    10
    Use: Scroll            |     6 |     4 ||    10
         Potion            |       |     4 ||     4
 Armour: Scale mail        |    51 |    23 ||    74
  Dodge: Dodged            |    56 |    58 ||   114
  Block: Buckler           |    33 |    22 ||    55

Table legend: (Time is in decaauts)
 A = Elapsed time spent in this place.
 B = Non-inter-level travel time spent in this place.
 C = Inter-level travel time spent in this place.
 D = Time resting spent in this place.
 E = Time spent auto-exploring this place.
 F = Levels seen in this place.
 G = Mean time per level.
                   A        B        C        D        E       F      G
               +--------+--------+--------+--------+--------+-----+--------+
         Total |   3222 |   3096 |    126 |      0 |   2278 |   5 |  644.4 |
       Dungeon |   3222 |   3096 |    126 |      0 |   2278 |   5 |  644.4 |
               +--------+--------+--------+--------+--------+-----+--------+

Top non-repeatable levels by time:
     D:2: 1064 daAuts
     D:1: 887 daAuts
     D:3: 684 daAuts
     D:4: 542 daAuts
     D:7: 43 daAuts
